 Dungeon Crawl Stone Soup version 0.21.1-1-g345015f (webtiles) character file.

29 zishaf the Chopper (level 3, 0/46 HPs)
             Began as a Minotaur Berserker on May 8, 2018.
             Was a Believer of Trog.
             Slain by an adder (2 damage)
             ... on level 2 of the Dungeon.
             The game lasted 00:02:44 (875 turns).

zishaf the Chopper (Minotaur Berserker)              Turns: 875, Time: 00:02:45

Health: 0/46       AC:  2    Str: 27    XL:     3   Next: 1%
Magic:  2/2        EV: 12    Int:  4    God:    Trog [**....]
Gold:   123        SH:  0    Dex:  9    Spells: 2/2 levels left

rFire    . . .     SeeInvis .   h - +0 mace (crush)
rCold    . . .     Gourm    .   (no shield)
rNeg     . . .     Faith    .   b - +0 animal skin
rPois    .         Spirit   .   (helmet restricted)
rElec    .         Reflect  .   (no cloak)
rCorr    .         Harm     .   (no gloves)
MR       .....                  (no boots)
Stlth    ..........             (no amulet)
HPRegen  0.15/turn              (no ring)
MPRegen  0.08/turn              (no ring)

@: berserking, lethally poisoned (0 -> -1), very quick
A: retaliatory headbutt, horns 2
a: Berserk, Trog's Hand, Burn Spellbooks, Renounce Religion


You were on level 2 of the Dungeon.
You worshipped Trog.
Trog was pleased with you.
You were hungry.

You visited 1 branch of the dungeon, and saw 2 of its levels.

You collected 123 gold pieces.

Inventory:

Hand Weapons
 a - a +0 hand axe
 h - a +0 mace of crushing (weapon)
Armour
 b - a +0 animal skin (worn)
Scrolls
 e - 2 scrolls of identify
 f - 2 scrolls of remove curse {unknown}
 k - 2 scrolls of immolation {unknown}
 m - a scroll of fog {unknown}
 n - a scroll of teleportation {unknown}
Potions
 g - a potion of invisibility
 i - a potion of flight
 j - a potion of berserk rage
 l - a potion of haste {unknown}
 o - a potion of cancellation {unknown}
Comestibles
 c - 6 rations
 d - 6 chunks of flesh


   Skills:
 - Level 3.6 Fighting
 - Level 4.4(4.7) Axes
 + Level 2.1(3.6) Maces & Flails
 - Level 2.4 Armour
 - Level 2.1 Dodging


You had 2 spell levels left.
You didn't know any spells.

Dungeon Overview and Level Annotations

Branches:
Dungeon (2/15)

Altars:


Innate Abilities, Weirdness & Mutations

You reflexively headbutt those who attack you in melee.
You have a pair of horns on your head.


Message History

* * * LOW HITPOINT WARNING * * *
The adder bites you.
* * * LOW HITPOINT WARNING * * *
You closely miss the adder. Your headbutt misses the adder.
* * * LOW HITPOINT WARNING * * *
You feel sick. The leopard gecko closely misses you. You furiously retaliate!
You headbutt the leopard gecko!
You kill the leopard gecko!
Trog accepts your kill.
You have reached level 3!
Your experience leads to an increase in your attributes!
Your base attributes are Str 21, Int 4, Dex 9.
Increase (S)trength, (I)ntelligence, or (D)exterity?
You feel stronger. The adder barely misses you.
The kobold hits you with a short sword.
* * * LOW HITPOINT WARNING * * *
You are too berserk!
You are too berserk!
You closely miss the adder. The adder bites you.
You die...

#.......# #.......# #.
.#####.(.....# #. ## #
.....'.......# #. >. ..
...#.......# #. .# .##
####.#.......# #. .##..
........K....# #. ...## #.
#..S@....# #.
....####...##..#################.
...........'.....................
....# #...###.####.############.
....# #.. #..#...# .........
....# #. ##.#...# ......... ##..#
#.#...# ......... ....# #..##.#
......... ##.### ##.##.#
.........


You could see an adder and a kobold.

Vanquished Creatures
  A leopard gecko (D:2)
  3 bats
  3 giant cockroaches
  3 goblins
  3 hobgoblins
  A quokka (D:2)
  A ball python (D:1)
  2 frilled lizards (D:1)
  3 kobolds
  6 rats
26 creatures vanquished.

Notes
Turn   | Place    | Note
-------+----------+-------------------------------------------
     0 | D:1      | zishaf the Minotaur Berserker began the quest for the Orb.
     0 | D:1      | Reached XP level 1. HP: 19/19 MP: 0/0
    73 | D:1      | Reached skill level 4 in Axes
    97 | D:1      | Reached XP level 2. HP: 23/26 MP: 1/1
   475 | D:2      | Reached skill level 1 in Maces & Flails
   754 | D:2      | Reached ** piety under Trog
   874 | D:2      | Reached XP level 3. HP: 3/31 MP: 2/2
   874 | D:2      | HP: 2/46 [kobold/short sword (1)]
   875 | D:2      | Slain by an adder

Skill      XL: |  1  2 |
---------------+-------+-----
Axes           | 4 |  4.4
Maces & Flails | 2 |  2.1
Fighting       | |  3.6
Armour         | |  2.4
Dodging        | |  2.1

Action                   || total
-------------------------++-------
Melee: Hand axe          ||    14
       Mace              ||    25
       Headbutt          ||     3
Invok: Berserk           ||     1
  Use: Scroll            ||     3
 Stab: Sleeping          ||     1
Armor: Animal skin       ||     7
Dodge: Dodged            ||    23
